AoeStats
← KarleEgon

Arena

506909907Analyzed
1v1 RM · 18d ago on Sep 15, 2026· 35m 10s· 2 players
Game mode
Random Map
Map size
Tiny (2 player)
Population
200
Speed
Normal
Resources
Standard
Victory
Conquest
Starting age
Dark Age
Ending age
Imperial Age
RankedLock teamsTeams togetherTeam positionsShared explorationLock speedFull tech treeHidden civsTurbo modeCheats
Victory
Defeat
🇲🇦 Turks · Morocco
784
+16
🇩🇪 Bulgarians · Germany
783
-16
KarleEgon
0:28 Loom
11:05 Feudal Age
11:32 Horse Collar
12:46 Double-Bit Axe
15:56 Forging
15:56 Scale Barding Armor
20:31 Castle Age
21:38 Husbandry
22:01 Gold Mining
24:49 Bloodlines
30:05 Gold Shaft Mining
30:08 Wheelbarrow
30:15 Chain Barding Armor
32:28 Iron Casting
Aderfi
12:13 Feudal Age
16:45 Castle Age
16:21 Double-Bit Axe
22:22 Imperial Age
20:31 Gold Mining
20:55 Bow Saw
21:56 Padded Archer Armor
26:05 Forging
34:18 Leather Archer Armor
Connection lost

Rejoining the realm…

Still unreachable

The connection could not be restored.

Session expired

The server has moved on; the page needs a fresh start.